 Dungeon Crawl Stone Soup version 0.31.0-11-ge490571c62 (webtiles) character file.

Game seed: 17368907739231397460

550 PaiMei the Grave Robber (level 7, -1/41 (51) HPs)
             Began as a Demonspawn Necromancer on Jan 27, 2024.
             Slain by Edmund
             ... wielding a +2 flail of draining
              (4 damage)
             ... on level 4 of the Dungeon.
             The game lasted 00:06:39 (4904 turns).

PaiMei the Grave Robber (Demonspawn Necromancer)    Turns: 4904, Time: 00:06:40

HP:   -1/41 (51)    AC:  4    Str:  8    XL:     7   Next: 7%
MP:   1/12          EV: 13    Int: 18    God:
Gold: 168           SH:  0    Dex: 15    Spells: 9/13 levels left

rFire   . . .        r - +4 halberd
rCold   . . .        (shield currently unavailable)
rNeg    . . .        a - +0 robe
rPois   .            (helmet restricted)
rElec   .            y - +0 cloak
rCorr   .            j - +0 pair of gloves
SInv    .            (no boots)
Will    +....        (no amulet)
Stlth   +++          e - ring of willpower
HPRegen 0.26/turn    (no ring)
MPRegen 0.13/turn

%: no passive effects
@: heavily drained
A: antennae 1, thin skeletal structure 1, foul stench 1
a: no special abilities


You were on level 4 of the Dungeon.
You visited 2 branches of the dungeon, and saw 5 of its levels.

You collected 168 gold pieces.

Inventory:

Hand Weapons
 d - a +0 mace
 r - a +4 halberd (weapon)
Armour
 a - a +0 robe (worn)
 j - a +0 pair of gloves (worn)
 y - a +0 cloak (worn)
Jewellery
 e - a ring of willpower (left hand)
 n - an amulet of faith
Wands
 s - a wand of roots (5)
 t - a wand of flame (24)
 A - a wand of polymorph (3)
Scrolls
 c - 5 scrolls of identify {unknown}
 f - a scroll of teleportation {unknown}
 g - a scroll of immolation {unknown}
 i - 3 scrolls of enchant weapon {unknown}
 l - 3 scrolls of vulnerability {unknown}
 p - 2 scrolls of noise {unknown}
 q - a scroll of fog {unknown}
 u - a scroll of torment {unknown}
 v - 2 scrolls of revelation {unknown}
 x - a scroll of enchant armour {unknown}
 B - a scroll of amnesia {unknown}
Potions
 b - 3 potions of magic
 h - 2 potions of haste {unknown}
 k - 2 potions of enlightenment {unknown}
 m - a potion of ambrosia {unknown}
 o - 3 potions of curing {unknown}
 w - 2 potions of mutation {unknown}
 z - a potion of invisibility {unknown}


   Skills:
 + Level 2.3 Fighting
 + Level 3.7 Dodging
 - Level 3.0 Stealth
 + Level 3.9 Spellcasting
 + Level 6.1 Necromancy


You had 9 spell levels left.
You knew the following spells:

 Your Spells              Type           Power      Damage    Failure   Level
a - Necrotise             Necr           100%       1d9       1%          1
b - Vampiric Draining     Necr           25%        2d7       3%          3

Your spell library contained the following spells:

 Spells                   Type           Power      Damage    Failure   Level
 Kiss of Death            Conj/Necr      56%        2d9       4%          1
 Animate Dead             Necr           25%        N/A       12%         4
 Dispel Undead            Necr           25%        3d12      12%         4
 Magic Dart               Conj           12%        1d3       16%         1
 Blink                    Tloc           6%         N/A       22%         2
 Call Imp                 Summ           6%         N/A       22%         2
 Curse of Agony           Necr           25%        N/A       32%         5
 Confusing Touch          Hex            3%         N/A       41%         3
 Tukima's Dance           Hex            3%         N/A       41%         3
 Dimensional Bullseye     Hex/Tloc       1%         N/A       83%         4
 Iskenderun's Mystic Bla  Conj/Tloc      3%         2d3       83%         4
 Passage of Golubria      Tloc           3%         N/A       83%         4
 Yara's Violent Unravell  Hex/Alch       1%         3d3       99%         5


Dungeon Overview and Level Annotations

Branches:
Dungeon (4/15)             Temple (1/1) D:4

Altars:
Ashenzari
Fedhas
Gozag
Hepliaklqana
Makhleb
Okawaru
Trog
Uskayaw
Vehumet
Wu Jian
Yredelemnul

Shops:
D:3 [

Annotations:
D:4 Edmund


Innate Abilities, Weirdness & Mutations

You have a pair of small antennae on your head.
You have a somewhat thin skeletal structure. (Dex +2, Stealth+)
You may rarely emit foul miasma when damaged in melee.


Message History

You feel drained.
You closely miss Edmund.
Edmund is moderately wounded.
Edmund completely misses you.
Your kobold skeleton closely misses Edmund.
Edmund closely misses you.
You slash Edmund!
Edmund is heavily wounded.
Your kobold skeleton hits Edmund but does no damage.
Edmund hits you with a +2 flail of draining.
You feel drained.
Your kobold skeleton barely misses Edmund.
Casting: Vampiric Draining (dangerous; 3% risk of failure)
Confirm with . or Enter, or press ? or * to list all spells.
Aiming: Vampiric Draining (dangerous; 3% risk of failure)
Press: ? - help, Shift-Dir - straight line, f/p - Edmund
Aim: Edmund, wielding a +2 flail of draining and wearing a +0 chain mail (heavily wounded, ally target)
You draw life force from Edmund!
You feel life coursing into your body. Edmund misses you.
You hit Edmund.
Edmund is almost dead.
Your kobold skeleton closely misses Edmund.
Edmund hits you with a +2 flail of draining!
* * * LOW HITPOINT WARNING * * *
You feel drained.
* * * LOW HITPOINT WARNING * * *
Your kobold skeleton hits Edmund.
Edmund hits you with a +2 flail of draining.
* * * LOW HITPOINT WARNING * * *
You feel drained.
* * * LOW HITPOINT WARNING * * *
You hit Edmund.
Edmund is almost dead.
Edmund closely misses you.
Your kobold skeleton hits Edmund but does no damage.
You barely miss Edmund.
Edmund is almost dead.
Edmund hits you with a +2 flail of draining.
You die...
Edmund whines, "They better pay attention to me now!"

#####...####.).......#
# ##..# #Z......# #
##.# #.....# # #.#
#...# # ###.# #'# #
#...# #.# # #.###
######Z# # #.#
#.....@## # ###.###
#.###.@.## # #.....#
#.##.....### #.###.#
#.###......# #.#
#.###.####.#...###
#.###....)............
#.....###.####.#######
####### #......#
########


You could see Edmund (ally target) and a friendly kobold skeleton.

Vanquished Creatures
  A weeping skull (D:4)
  3 scorpions
  A bombardier beetle (D:4)
  A hound (D:4)
  An iguana (D:4)
  2 orc wizards (D:3)
  3 gnolls (D:2)
  3 adders (D:2)
  3 dart slugs
  11 orcs
  3 ball pythons
  10 endoplasms
  2 giant cockroaches (D:1)
  15 goblins
  A hobgoblin (D:3)
  5 jackals
  4 quokkas
  3 bats
  A frilled lizard (D:2)
  10 kobolds
  9 rats
  A spectral orc (D:4)
93 creatures vanquished.

Vanquished Creatures (collateral kills)
  A goblin (D:2)
  A rat (D:3)
2 creatures vanquished.

Grand Total: 95 creatures vanquished

Notes
Turn   | Place    | Note
-------+----------+-------------------------------------------
     0 | D:1      | PaiMei the Demonspawn Necromancer began the quest for the
                  | Orb.
     0 | D:1      | Reached XP level 1. HP: 13/13 MP: 3/3
   135 | D:1      | Gained mutation: You may rarely emit foul miasma when
                  | damaged in melee. [demonic ancestry]
   135 | D:1      | Reached XP level 2. HP: 10/19 MP: 0/5
   187 | D:1      | Found a faded altar of an unknown god.
   953 | D:2      | Reached XP level 3. HP: 24/24 MP: 0/6
   957 | D:2      | Learned a level 3 spell: Vampiric Draining
  1665 | D:2      | Reached skill level 5 in Necromancy
  1665 | D:2      | Gained mutation: You have a pair of small antennae on your
                  | head. [demonic ancestry]
  1665 | D:2      | Reached XP level 4. HP: 30/30 MP: 3/7
  2504 | D:3      | Noticed a +0 dagger
  2505 | D:3      | Noticed a +0 short sword
  2505 | D:3      | Noticed a +0 spear
  2507 | D:3      | Noticed a +0 short sword
  2510 | D:3      | Noticed a +0 falchion
  2513 | D:3      | Noticed a +0 spear
  2516 | D:3      | Noticed a +0 dagger
  2520 | D:3      | Noticed a +0 falchion
  2661 | D:3      | Reached XP level 5. HP: 35/35 MP: 4/9
  2736 | D:3      | Found a radiant altar of Vehumet.
  3209 | D:3      | Found a hide-covered altar of Uskayaw.
  3268 | D:3      | Reached skill level 1 in Fighting
  3442 | D:3      | Found Ytsuekka's Armour Shoppe.
  3776 | D:4      | Found a basalt altar of Yredelemnul.
  3794 | D:4      | Reached XP level 6. HP: 38/43 MP: 9/11
  4299 | D:4      | Reached skill level 6 in Necromancy
  4341 | D:4      | Gained mutation: You have a somewhat thin skeletal
                  | structure. (Dex +2, Stealth+) [demonic ancestry]
  4341 | D:4      | Reached XP level 7. HP: 50/50 MP: 5/12
  4686 | D:4      | Found a staircase to the Ecumenical Temple.
  4695 | Temple   | Entered the Ecumenical Temple
  4884 | D:4      | Noticed Edmund
  4902 | D:4      | HP: 2/41 [Edmund/+2 flail of draining (2)]
  4904 | D:4      | Slain by Edmund

Illustrated notes

Levels and vault maps discovered:
D:1:      dpeg_arrival_tiny_k, layout_basic, ebering_ecumenical_altar_mist
D:2:      minmay_spotlight, layout_basic
D:3:      cheibrodos_old_hovel, layout_basic, nicolae_uskayaw_en_pointe,
          vehumet_altar_wand_db, serial_shops, shop
D:4:      layout_loops_corners, yredelemnul_forgotten_temple_becter,
          temple_hall, uniq_edmund
Temple:   kb_temple_of_zot

Skill      XL: |  1  2  3  4  5  6 |
---------------+-------------------+-----
Dodging        | 2 3 |  3.7
Stealth        | 2 3 |  3.0
Necromancy     | 5 6 |  6.1
Spellcasting   | 3 |  3.9
Fighting       | 1 2 |  2.3

Action                     |  1- 3 |  4- 6 |  7- 9 || total
---------------------------+-------+-------+-------++-------
  Melee: Mace              |    18 |       |       ||    18
         Halberd           |       |    31 |     7 ||    38
   Cast: Necrotise         |    74 |    74 |    12 ||   160
         Vampiric Draining |       |     6 |     5 ||    11
   Stab: Held in net/web   |       |     1 |       ||     1
 Armour: Robe              |    17 |    37 |    13 ||    67
  Dodge: Dodged            |    24 |    37 |     4 ||    65
